AoeStats
← Lord_Sipo

Black Forest

510231799Analyzed
4v4 RM · 11h ago on Sep 30, 2026· 49m 10s· 8 players
Game mode
Random Map
Map size
Large (8 player)
Population
200
Speed
Normal
Resources
Standard
Victory
Conquest
Starting age
Dark Age
Ending age
Imperial Age
RankedLock teamsTeams togetherTeam positionsShared explorationLock speedFull tech treeHidden civsTurbo modeCheats
Victory
Defeat
🇨🇱 Khmer · Chile
1232
+11
🇻🇪 Goths · Venezuela
1222
+11
🇻🇪 Huns · Venezuela
1194
+12
🇻🇪 Britons · Venezuela
1178
+13
🇺🇸 Mongols · United States
1129
-12
🇨🇳 Goths · China
1127
-12
🇧🇷 Magyars · Brazil
1119
-12
🇺🇸 Celts · United States
1093
-11
HectorSquash24
0:40 Loom
12:43 Feudal Age
13:14 Double-Bit Axe
18:05 Castle Age
19:05 Bow Saw
19:41 Horse Collar
22:45 Town Watch
25:22 Heavy Plow
30:26 Wheelbarrow
34:21 Imperial Age
33:02 Caravan
36:39 Chemistry
35:45 Siege Engineers
36:19 Onager
36:41 Pikeman
37:07 Gambesons
38:28 Hand Cart
39:08 Conscription
39:26 Furor Celtica
39:44 Husbandry
39:40 Cavalier
40:51 Guilds
40:59 Stronghold
42:56 Siege Onager
42:57 Heavy Scorpion
44:42 Light Cavalry
47:11 Forging
47:06 Scale Barding Armor
ask
10:11 Feudal Age
11:22 Double-Bit Axe
11:21 Horse Collar
14:14 Castle Age
15:07 Bow Saw
18:35 Loom
18:40 Town Watch
19:33 Wheelbarrow
22:28 Hand Cart
24:42 Gold Mining
24:42 Stone Mining
29:53 Imperial Age
27:49 Bloodlines
28:21 Ballistics
28:09 Thumb Ring
28:13 Husbandry
28:10 Fletching
28:59 Bodkin Arrow
29:06 Padded Archer Armor
29:55 Light Cavalry
30:21 Elite Mangudai
32:09 Chemistry
32:09 Conscription
32:50 Parthian Tactics
34:31 Capped Ram
36:19 Onager
37:41 Forging
37:33 Bracer
37:48 Leather Archer Armor
37:14 Siege Ram
41:08 Hoardings
45:24 Heavy Scorpion
45:38 Siege Onager
48:39 Drill
飞鱼
0:35 Loom
12:28 Feudal Age
12:36 Man-at-Arms
19:18 Double-Bit Axe
21:44 Castle Age
19:49 Fletching
Faizcafria
2:25 Loom
10:45 Feudal Age
11:42 Horse Collar
12:27 Double-Bit Axe
19:38 Castle Age
20:07 Padded Archer Armor
20:03 Gold Mining
20:35 Arson
22:35 Heavy Plow
22:28 Fletching
22:48 Crossbowman
27:43 Bow Saw
31:49 Gold Shaft Mining
32:46 Wheelbarrow
34:22 Masonry
35:40 Hand Cart
39:17 Scale Mail Armor
41:56 Imperial Age
41:47 Corvinian Army
42:08 Husbandry
42:19 Bloodlines
43:30 Crop Rotation
44:08 Two-Man Saw
43:58 Light Cavalry
Lord_Siul
0:30 Loom
12:00 Feudal Age
16:58 Castle Age
15:22 Double-Bit Axe
20:28 Wheelbarrow
24:13 Bow Saw
23:55 Horse Collar
25:26 Heavy Plow
25:53 Gold Mining
30:11 Scale Mail Armor
30:56 Hand Cart
35:15 Imperial Age
34:21 Stone Mining
34:44 Anarchy
35:03 Chain Mail Armor
34:59 Forging
36:20 Conscription
36:03 Perfusion
38:40 Pikeman
40:06 Iron Casting
39:43 Halberdier
40:24 Squires
41:44 Elite Huskarl
47:17 Two-Man Saw
46:53 Crop Rotation
Lord_Ermack
10:55 Feudal Age
10:10 Loom
15:24 Castle Age
14:00 Double-Bit Axe
13:57 Horse Collar
23:05 Wheelbarrow
24:07 Hand Cart
23:47 Gold Mining
25:58 Gold Shaft Mining
25:14 Stone Mining
26:13 Bow Saw
27:29 Ballistics
26:50 Treadmill Crane
30:50 Imperial Age
28:10 Crossbowman
28:42 Fletching
28:53 Padded Archer Armor
29:25 Bodkin Arrow
29:52 Heavy Plow
30:21 Leather Archer Armor
31:07 Forging
30:57 Scale Mail Armor
31:00 Squires
30:21 Pikeman
32:53 Two-Man Saw
31:14 Arbalester
32:05 Bracer
33:01 Ring Archer Armor
33:36 Chemistry
34:16 Conscription
38:00 Siege Engineers
38:26 Chain Mail Armor
38:46 Iron Casting
38:17 Town Watch
39:46 Warwolf
40:10 Town Patrol
40:55 Plate Mail Armor
41:26 Blast Furnace
40:38 Caravan
41:26 Murder Holes
Macumba
7:30 Loom
10:38 Feudal Age
11:16 Double-Bit Axe
11:15 Horse Collar
16:32 Scale Mail Armor
17:05 Forging
25:16 Scale Barding Armor
28:24 Castle Age
29:23 Bloodlines
29:14 Husbandry
30:28 Bow Saw
30:23 Heavy Plow
31:02 Wheelbarrow
31:12 Chain Barding Armor
34:51 Iron Casting
36:07 Fervor
38:53 Hand Cart
38:24 Town Watch
43:17 Imperial Age
43:45 Cavalier
45:47 Plate Barding Armor
45:37 Paladin
Lord_Sipo
8:44 Feudal Age
12:07 Castle Age
10:45 Loom
12:15 Double-Bit Axe
23:04 Wheelbarrow
23:54 Bow Saw
23:35 Horse Collar
26:16 Hand Cart
27:27 Heavy Plow
30:04 Gold Mining
34:18 Imperial Age
33:44 Ballistics
35:39 Crop Rotation
36:11 Chemistry
36:32 Gold Shaft Mining
35:44 Capped Ram
36:04 Heavy Scorpion
37:33 Double Crossbow
38:21 Siege Engineers
38:52 Siege Ram
40:47 Murder Holes
41:02 Fortified Wall
Connection lost

Rejoining the realm…

Still unreachable

The connection could not be restored.

Session expired

The server has moved on; the page needs a fresh start.